 Dungeon Crawl Stone Soup version 0.23-a0-26-g9187234747 (webtiles) character file.

1673 Htamos the Conjurer (level 9, -1/58 HPs)
             Began as an Octopode Conjurer on Aug 3, 2018.
             Was an Initiate of Sif Muna.
             Slain by a hound skeleton (3 damage)
             ... on level 5 of the Dungeon.
             The game lasted 00:15:36 (9329 turns).

Htamos the Conjurer (Octopode Conjurer)             Turns: 9329, Time: 00:15:36

Health: -1/58      AC:  1    Str:  7    XL:     9   Next: 1%
Magic:  15/15      EV: 14    Int: 25    God:    Sif Muna [......]
Gold:   162        SH:  0    Dex: 15    Spells: 6/16 levels left

rFire    . . .     SeeInvis .   z - +0 glaive
rCold    . . .     Gourm    .   (shield currently unavailable)
rNeg     . . .     Faith    .   (helmet restricted)
rPois    .         Spirit   .   (no amulet)
rElec    .         Reflect  .   (no ring)
rCorr    .         Harm     .   (no ring)
MR       .....                  (no ring)
Stlth    ++........             (no ring)
HPRegen  0.19/turn              (no ring)
MPRegen  0.14/turn              (no ring)
                                (no ring)
                                (no ring)

@: confused, brilliant, berserk cooldown, slowed, very slow
A: almost no armour, stealthy swim, amphibious, 8 rings, constrict 8, camouflage
1, agile 1, gelatinous body 1, MP-powered wands
a: Renounce Religion


You were on level 5 of the Dungeon.
You worshipped Sif Muna.
Sif Muna was noncommittal.
You were not hungry.

You visited 2 branches of the dungeon, and saw 6 of its levels.

You collected 162 gold pieces.

Inventory:

Hand Weapons
 c - a +0 club
 r - a +2 flail of crushing
 t - a +2 quarterstaff of chaos
 z - a +0 glaive (weapon)
 A - a +1 war axe of freezing
 C - a +1 halberd of protection
Missiles
 h - 127 stones (quivered)
 E - 4 tomahawks
Armour
 g - a +0 shield
 q - a +0 shield
 y - a +0 buckler
Wands
 v - a wand of flame (2)
 w - a wand of random effects (27)
Scrolls
 a - 2 scrolls of teleportation
 i - 2 scrolls of fog {unknown}
 l - 7 scrolls of identify {unknown}
 m - a scroll of remove curse {unknown}
 o - 4 scrolls of magic mapping {unknown}
 B - a scroll of blinking {unknown}
Potions
 d - 4 potions of mutation
 e - a potion of haste {unknown}
 f - 3 potions of might
 j - a potion of magic {unknown}
 k - a potion of curing
 n - a potion of brilliance
 p - a potion of agility {unknown}
 s - a potion of berserk rage
 u - a potion of ambrosia
 x - a potion of heal wounds {unknown}
Comestibles
 b - 3 rations


   Skills:
 + Level 3.9 Fighting
 - Level 3.0 Dodging
 - Level 5.1 Stealth
 * Level 5.5 Shields
 - Level 4.0 Spellcasting
 * Level 7.3 Conjurations
 + Level 2.2 Evocations


You had 6 spell levels left.
You knew the following spells:

 Your Spells              Type           Power        Failure   Level  Hunger
a - Magic Dart            Conj           ####         1%          1    None
b - Confusing Touch       Hex            ###...       1%          1    None
c - Dazzling Spray        Conj/Hex       #####.       1%          3    ##.....
d - Apportation           Tloc           ###...       1%          1    None
e - Iskenderun's Mystic   Conj           ######..     1%          4    ####...

Your spell library contained the following spells:

 Spells                   Type           Power        Failure   Level  Hunger
 Summon Small Mammal      Summ           ###.         1%          1    None
 Animate Skeleton         Necr           N/A          1%          1    None
 Fulminant Prism          Conj/Hex       #####.....   2%          4    ####...
 Force Lance              Conj/Tloc      #####...     2%          4    ####...
 Searing Ray              Conj           ######       1%          2    None


Dungeon Overview and Level Annotations

Branches:
Dungeon (5/15)             Temple (1/1) D:4

Altars:
Ashenzari
Dithmenos
Okawaru
Sif Muna
Zin

Annotations:
D:2 1 exclusion
D:3 2 transporters, Mandevil's ghost, amateur CeNe
D:5 Dowan; Duvessa


Innate Abilities, Weirdness & Mutations

You cannot wear most types of armour.
You are very stealthy in the water. (Stealth+)
You are amphibious.
You can wear up to eight rings at the same time.
You can use your tentacles to constrict eight enemies at once.
Your skin changes colour to match your surroundings (Stealth+).
Your rubbery body absorbs attacks. (AC +1, EV +1)
You are agile. (Dex +2)
You expend magic power (3 MP) to strengthen your wands.


Message History

You feel sick. The hound skeleton bites you.
* * * LOW HITPOINT WARNING * * *
The orc misses you.
The orc wizard gestures wildly while chanting.
The orc wizard seems to speed up.
The hound skeleton bites you.
* * * LOW HITPOINT WARNING * * *
It was a potion of curing.
You feel better. The hound skeleton closely misses you.
The hound skeleton bites you.
* * * LOW HITPOINT WARNING * * *
The orc wizard misses you.
Unknown command.
It was a potion of ambrosia.
You are confused.
You feel invigorated. The orc wizard casts a spell at you.
The magic dart hits you!
* * * LOW HITPOINT WARNING * * *
The hound skeleton misses you. The orc wizard barely misses you.
The hound skeleton bites you.
You die...

.# ###.##.# .# .#
.....#.###.# .#
... ..........##.#
#.# #..#...o....#
... ....#..##..#
#.# #.##..##.)#
#.# ####....ooZ@#
#.# #...)....#o##
#.####.######....#
.......# #####.#
.[###### ## ###


You could see an orc wizard, 2 orcs and a hound skeleton.

Vanquished Creatures
  A sky beast (D:5)
  An ice beast (D:4)
  4 ogres (D:4)
  A phantom (D:4)
  3 scorpions
  A quasit (D:3)
  4 orc priests
  A hound (D:4)
  5 orc wizards
  Crazy Yiuf (D:2)
  2 centaur skeletons (D:4)
  Jessica (D:2)
  Natasha (thrice) (D:3)
  Terence (D:2)
  3 worker ants (D:4)
  11 gnolls
  11 adders
  A shadow imp (D:4)
  2 oozes
  2 worms (D:2)
  4 dart slugs
  2 leopard geckos
  12 orcs
  6 giant cockroaches
  6 goblins
  5 hobgoblins
  10 jackals
  2 quokkas
  3 ball pythons
  7 bats
  3 frilled lizards
  4 kobolds
  3 rats
  A plant (D:4)
127 creatures vanquished.

Notes
Turn   | Place    | Note
-------+----------+-------------------------------------------
     0 | D:1      | Htamos the Octopode Conjurer began the quest for the Orb.
     0 | D:1      | Reached XP level 1. HP: 11/11 MP: 3/3
   227 | D:1      | Reached XP level 2. HP: 5/17 MP: 0/5
   987 | D:1      | Reached XP level 3. HP: 16/22 MP: 0/6
  1810 | D:2      | Noticed Jessica
  1824 | D:2      | Killed Jessica
  1824 | D:2      | Reached skill level 1 in Fighting
  1824 | D:2      | Reached XP level 4. HP: 5/28 MP: 0/7
  2126 | D:2      | Found a shadowy altar of Dithmenos.
  2372 | D:2      | Noticed Terence
  2753 | D:2      | Gained mutation: You expend magic power (3 MP) to strengthen your wands. [potion of mutation]
  2753 | D:2      | Gained mutation: You are agile. (Dex +2) [potion of mutation]
  2760 | D:2      | Killed Terence
  2760 | D:2      | Reached skill level 1 in Shields
  3083 | D:2      | Found a runed door.
  3087 | D:2      | Noticed Crazy Yiuf
  3094 | D:2      | Killed Crazy Yiuf
  3094 | D:2      | Reached XP level 5. HP: 29/33 MP: 2/8
  3204 | D:3      | Noticed Natasha
  3397 | D:3      | Killed Natasha
  3533 | D:3      | Found a transporter.
  3674 | D:3      | Found a transporter.
  3675 | D:3      | Noticed Mandevil's ghost (amateur CeNe)
  3744 | D:3      | Reached skill level 5 in Conjurations
  3749 | D:3      | Reached XP level 6. HP: 29/38 MP: 0/10
  4073 | D:3      | Noticed Natasha
  4093 | D:3      | Killed Natasha
  4548 | D:3      | Noticed Natasha
  4553 | D:3      | Killed Natasha
  4834 | D:3      | Reached XP level 7. HP: 45/45 MP: 6/11
  5478 | D:4      | Learned a level 1 spell: Confusing Touch
  5482 | D:4      | Learned a level 3 spell: Dazzling Spray
  5484 | D:4      | Learned a level 1 spell: Apportation
  5489 | D:4      | Learned a level 4 spell: Iskenderun's Mystic Blast
  5913 | D:4      | Reached skill level 5 in Stealth
  5913 | D:4      | Reached skill level 6 in Conjurations
  6292 | D:4      | Found a staircase to the Ecumenical Temple.
  6317 | D:4      | Reached XP level 8. HP: 32/51 MP: 7/13
  6426 | Temple   | Entered the Ecumenical Temple
  6432 | Temple   | Became a worshipper of Sif Muna the Loreminder
  7226 | D:5      | Entered Level 5 of the Dungeon
  7414 | D:4      | You fall through a shaft!
  7471 | D:4      | Reached skill level 1 in Evocations
  8302 | D:4      | Found a staircase to the Ecumenical Temple.
  8570 | D:4      | Reached skill level 5 in Shields
  8740 | D:5      | Reached skill level 7 in Conjurations
  8754 | D:5      | HP: 4/81 [orc/mace (6)]
  9162 | D:5      | Noticed Duvessa
  9165 | D:5      | Noticed Dowan
  9167 | D:5      | Noticed Duvessa
  9167 | D:5      | Duvessa changed into Duvessa the acid dragon
  9326 | D:5      | Reached XP level 9. HP: 16/58 MP: 15/15
  9329 | D:5      | HP: 2/58 [orc wizard/magic dart (10)]
  9329 | D:5      | Slain by a hound skeleton

Vault maps used:
D:1:      minmay_arrival_nine_rooms, minmay_parallelograms
D:2:      marbit_many_paths, first_ration, kennysheep_jessica_study,
          uniq_terence, uniq_crazy_yiuf_cottage
D:3:      gammafunk_ghost_mausoleum, minmay_surrounded, uniq_natasha
D:4:      minmay_temple_entry_overgrown, roderic_roman_lattice
D:5:      uniq_eustachio, uniq_blork_the_orc, uniq_duvessa
Temple:   nicolae_temple_the_god_donut

Skill      XL: |  1  2  3  4  5  6  7  8 |
---------------+-------------------------+-----
Stealth        | 3 4 5 |  5.1
Fighting       | 1 2 3 |  3.9
Shields        | 1 2 4 5 |  5.5
Conjurations   | 5 6 7 |  7.3
Dodging        | 3 |  3.0
Spellcasting   | 3 4 |  4.0
Evocations     | 2 |  2.2

Action                   |  1- 3 |  4- 6 |  7- 9 || total
-------------------------+-------+-------+-------++-------
Melee: Unarmed           |    13 |       |       ||    13
       Constrict         |     8 |    16 |    20 ||    44
       Tentacles         |     3 |    13 |    12 ||    28
       Club              |     9 |     7 |       ||    16
       Flail             |       |    38 |    12 ||    50
       Halberd           |       |       |    44 ||    44
       Glaive            |       |       |    28 ||    28
 Cast: Magic Dart        |    55 |   101 |   119 ||   275
       Iskenderun's Myst |       |       |     1 ||     1
       Confusing Touch   |       |       |     1 ||     1
Evoke: Wand              |       |       |    39 ||    39
  Use: Potion            |       |     2 |     5 ||     7
       Scroll            |       |     1 |     1 ||     2
 Stab: Sleeping          |       |       |     2 ||     2
  Eat: Chunk             |     3 |     7 |    10 ||    20
       Ration            |       |     1 |     1 ||     2
Armor: Skin              |     6 |     1 |     9 ||    16
Dodge: Dodged            |    24 |    29 |    87 ||   140
Block: Shield            |     1 |    14 |       ||    15
       Buckler           |       |     3 |     4 ||     7

Table legend:
 A = Spawn XP
 B = Non-spawn XP
 C = Spawn XP percentage of total XP
 D = Spawn monster count
 E = Non-spawn monster count
 F = Spawn count percentage of total count
 G = Total turns spent on level
                    A         B        C        D         E        F      G
               +---------+---------+-------+---------+---------+-------+---------
         Total |       0 |    2390 |   0.0 |       0 |     126 |   0.0 |  9329
               +---------+---------+-------+---------+---------+-------+---------
           D:1 |       0 |      47 |   0.0 |       0 |      22 |   0.0 |  1346
           D:2 |       0 |     161 |   0.0 |       0 |      18 |   0.0 |  2028
           D:3 |       0 |     471 |   0.0 |       0 |      33 |   0.0 |  2313
           D:4 |       0 |    1265 |   0.0 |       0 |      35 |   0.0 |  3125
           D:5 |       0 |     446 |   0.0 |       0 |      18 |   0.0 |   504
               +---------+---------+-------+---------+---------+-------+---------
